 Dungeon Crawl Stone Soup version 0.31.0-32-g396128a36d (webtiles) character file.

Game seed: 7967214708464593710

49 PaiMei the Grave Robber (level 3, -1/25 HPs)
             Began as a Demonspawn Necromancer on Mar 29, 2024.
             Slain by an orc
             ... wielding a +0 club
              (4 damage)
             ... on level 3 of the Dungeon.
             The game lasted 00:02:12 (2029 turns).

PaiMei the Grave Robber (Demonspawn Necromancer)    Turns: 2029, Time: 00:02:13

Health: -1/25      AC:  2    Str:  8    XL:     3   Next: 51%
Magic:  6/6        EV: 12    Int: 17    God:
Gold:   122        SH:  0    Dex: 13    Spells: 3/7 levels left

rFire   . . .        c - +0 spear
rCold   . . .        (no shield)
rNeg    . . .        a - +0 robe
rPois   .            (no helmet)
rElec   .            (no cloak)
rCorr   .            (no gloves)
SInv    .            (no boots)
Will    .....        (no amulet)
Stlth   ++           (no ring)
HPRegen 0.24/turn    (no ring)
MPRegen 0.20/turn

%: no passive effects
@: no status effects
A: magic regeneration
a: no special abilities


You were on level 3 of the Dungeon.
You visited 1 branch of the dungeon, and saw 3 of its levels.

You collected 122 gold pieces.

Inventory:

Hand Weapons
 c - a +0 spear (weapon)
Missiles
 f - 8 poisoned darts (quivered)
Armour
 a - a +0 robe (worn)
Scrolls
 d - 2 scrolls of fear {unknown}
 e - a scroll of torment {unknown}
 g - a scroll of enchant weapon {unknown}
 h - a scroll of summoning {unknown}
 j - 3 scrolls of poison {unknown}
 k - 3 scrolls of teleportation {unknown}
 m - a scroll of enchant armour {unknown}
 n - 2 scrolls of identify {unknown}
 p - a scroll of blinking {unknown}
Potions
 b - a potion of magic
 i - 2 potions of curing {unknown}
 l - 2 potions of attraction {unknown}
 o - a potion of cancellation {unknown}


   Skills:
 + Level 0.5 Fighting
 + Level 2.3 Dodging
 - Level 2.2 Stealth
 + Level 2.5 Spellcasting
 + Level 4.7 Necromancy


You had 3 spell levels left.
You knew the following spells:

 Your Spells              Type           Power      Damage    Failure   Level
a - Necrotise             Necr           72%        1d7       2%          1
b - Vampiric Draining     Necr           18%        2d7       8%          3

Your spell library contained the following spells:

 Spells                   Type           Power      Damage    Failure   Level
 Blink                    Tloc           4%         N/A       28%         2
 Lesser Beckoning         Tloc           4%         N/A       28%         2
 Momentum Strike          Conj/Tloc      4%         3d8       28%         2
 Inner Flame              Hex/Fire       2%         N/A       50%         3
 Animate Dead             Necr           18%        N/A       26%         4
 Curse of Agony           Necr           18%        N/A       56%         5
 Flame Wave               Conj/Fire      2%         2d4       88%         4
 Sticky Flame             Fire/Alch      2%         2d4       88%         4


Dungeon Overview and Level Annotations

Branches:
Dungeon (3/15)

Altars:


Innate Abilities, Weirdness & Mutations

You regenerate magic rapidly.


Message History

You kill the orc!
The dead are walking!
Your kobold skeleton barely misses the orc.
The orc hits your kobold skeleton with a +0 mace!
Your kobold skeleton is destroyed!
Your orc skeleton closely misses the orc.
You swap places.
The orc completely misses your orc skeleton.
Your orc skeleton barely misses the orc.
The orc hits your orc skeleton with a +0 club.
Something barely misses your orc skeleton.
Your orc skeleton hits the orc but does no damage.
The orc hits your orc skeleton with a +0 club.
The orc hits your orc skeleton with a +0 mace!
Your orc skeleton is destroyed!
Your orc skeleton hits the orc but does no damage.
You see here a +0 mace.
The ribbon worm expels a string of sticky webbing.
The stream of webbing hits you but does no damage.
You are caught in a web!
There is a web here.
The web tears apart.
You hit the ribbon worm. Your punch misses the ribbon worm.
The ribbon worm is moderately wounded.
The ribbon worm closely misses you.
Your orc skeleton crumbles into dust!
The orc attacks as it pursues you! The orc hits you with a +0 club.
* * * LOW HITPOINT WARNING * * *
Found a ring mail.
The ribbon worm expels a string of sticky webbing.
The stream of webbing misses you.
The ribbon worm attacks as it pursues you!
The ribbon worm barely misses you. The goblin barely misses you.
The orc attacks as it pursues you! The orc closely misses you.
The goblin attacks as it pursues you! The goblin completely misses you.
The orc attacks as it pursues you! The orc hits you with a +0 club.
* * * LOW HITPOINT WARNING * * *
The orc attacks as it pursues you! The orc hits you with a +0 club.
You die...

..........#
#..........#
#..........#
#..........#
##........######
#..............###
#.................
#..........####...
#@g.o......# ###.
#.o..w.....# #.
##..$.....## ##
##..$...## ##
######## #. #. ##.
#.. ##.#


You could see a ribbon worm, 2 orcs and a goblin.

Vanquished Creatures
  A dart slug (D:1)
  3 orcs (D:3)
  3 endoplasms
  3 giant cockroaches
  5 hobgoblins
  2 jackals (D:2)
  4 kobolds
  5 ball pythons
  3 bats (D:2)
  2 frilled lizards
  A goblin (D:1)
  3 rats
35 creatures vanquished.

Vanquished Creatures (collateral kills)
  A goblin (D:1)
  2 jackals (D:2)
3 creatures vanquished.

Grand Total: 38 creatures vanquished

Notes
Turn   | Place    | Note
-------+----------+-------------------------------------------
     0 | D:1      | PaiMei the Demonspawn Necromancer began the quest for the
                  | Orb.
     0 | D:1      | Reached XP level 1. HP: 13/13 MP: 3/3
   269 | D:1      | Gained mutation: You regenerate magic rapidly. [demonic
                  | ancestry]
   269 | D:1      | Reached XP level 2. HP: 4/19 MP: 0/5
  1416 | D:2      | Reached XP level 3. HP: 24/24 MP: 3/6
  1420 | D:2      | Learned a level 3 spell: Vampiric Draining
  2000 | D:3      | HP: 1/25 [orc/+0 falchion (5)]
  2029 | D:3      | Slain by an orc

Illustrated notes

Levels and vault maps discovered:
D:1:      dpeg_arrival_arbitrary_a, layout_basic, serial_bayou_lagoon_a,
          hex_intersection, serial_bayou_pond_e, minmay_misc_feat_x,
          minmay_unequal
D:2:      layout_loops_ring
D:3:      cheibrodos_fertilizer, layout_rooms

Skill      XL: |  1 |
---------------+----+-----
Stealth        | 2 |  2.2
Dodging        | 2 |  2.3
Fighting       | |  0.5
Spellcasting   | |  2.5
Necromancy     | |  4.7

Action                     || total
---------------------------++-------
  Melee: Spear             ||    33
   Cast: Necrotise         ||    66
 Armour: Robe              ||    38
  Dodge: Dodged            ||    62
